 Dungeon Crawl Stone Soup version 0.30-a0-168-g0b976cbdc4 (webtiles) character file.

Game seed: 3338142528687573988

85 qw the Chopper (level 4, -7/28 HPs)
             Began as a Gargoyle Fighter on Sept 29, 2022.
             Mangled by an ogre
             ... wielding a +0 giant club
              (19 damage)
             ... on level 3 of the Dungeon.
             The game lasted 00:00:49 (2337 turns).

qw the Chopper (Gargoyle Fighter)                   Turns: 2337, Time: 00:00:50

Health: -7/28      AC: 13    Str: 21    XL:     4   Next: 48%
Magic:  4/4        EV: 11    Int:  9    God:
Gold:   62         SH:  4    Dex:  9    Spells: 3/3 levels left

rFire   . . .      SeeInvis .    Y - +0 war axe
rCold   . . .      Faith    .    c - +0 buckler
rNeg    + . .      Spirit   .    e - +0 chain mail
rPois   inf        Reflect  .    (no helmet)
rElec   +          Harm     .    i - +0 cloak
rCorr   .          Rampage  .    (no gloves)
Will    .....                    (no boots)
Stlth   ..........               (no amulet)
HPRegen 0.09/turn                p - +4 ring of evasion
MPRegen 0.09/turn                (no ring)

@: no status effects
A: sickness immunity, AC +3, negative energy resistance 1, electricity
resistance, torment resistance 1, petrification resistance
a: no special abilities


You were on level 3 of the Dungeon.
You visited 1 branch of the dungeon, and saw 3 of its levels.

You collected 87 gold pieces.
You spent 25 gold pieces at shops.


Innate Abilities, Weirdness & Mutations

You are immune to sickness and miasma.
Your stone body is resilient. (AC +3)
You are immune to poison.
You resist negative energy. (rN+)
You are resistant to electric shocks. (rElec)
You are resistant to unholy torment.
You are immune to petrification.


   Skills:
 - Level 3.2 Fighting
 + Level 4.1 Axes
 - Level 3.2 Armour
 - Level 3.2 Shields


You had 3 spell levels left.
You didn't know any spells.
Your spell library was empty.

Inventory:

Hand Weapons
 h - a +0 flail
 Y - a +0 war axe (weapon)
Armour
 c - a +0 buckler (worn)
 e - a +0 chain mail (worn)
 i - a +0 cloak (worn)
Jewellery
 l - a ring of wizardry
 p - a +4 ring of evasion (left hand)
Scrolls
 a - 3 scrolls of identify
Potions
 b - a potion of curing {unknown}
 d - a potion of might
 f - a potion of cancellation {unknown}
 g - a potion of lignification
 j - a potion of haste
 k - a potion of attraction {unknown}
 o - a potion of resistance

Dungeon Overview and Level Annotations

Branches:
Dungeon (3/15)

Altars:

Shops:
D:2 *


Message History

k - a bubbling golden potion
Found a brass wand.
You now have 62 gold pieces (gained 6).
l - a ring of wizardry
Enter note: An ogre comes into view. It is wielding a +0 giant club.
The ogre shouts!
You barely miss the ogre. The ogre closely misses you.
You barely miss the ogre. You block the ogre's attack.
You hit the ogre.
The ogre is lightly wounded.
The ogre hits you with a +0 giant club.
You slash the ogre!
The ogre is heavily wounded.
The ogre hits you but does no damage.
You completely miss the ogre.
The ogre is heavily wounded.
The ogre completely misses you.
You completely miss the ogre.
The ogre is heavily wounded.
You barely miss the ogre.
The ogre is heavily wounded.
You block the ogre's attack.
You hit the ogre.
The ogre is heavily wounded.
The ogre barely misses you.
You barely miss the ogre.
The ogre is heavily wounded.
The ogre hits you with a +0 giant club!
Ouch! That really hurt!
You barely miss the ogre.
The ogre is heavily wounded.
The ogre hits you with a +0 giant club.
You slash the ogre!
The ogre is almost dead.
The ogre hits you with a +0 giant club!!
Ouch! That really hurt!
You die...

####....#
##.#.# ###.#
#.# #.# #.# ##
#.# #.####.##
#.# #.....O@##
#.#
#....#.#.####.#
... #........#
# ###.######
#.## #.# ##


You could see an ogre.

Vanquished Creatures
  An adder (D:2)
  A worm (D:2)
  6 dart slugs
  3 orcs (D:2)
  8 ball pythons
  6 endoplasms
  4 giant cockroaches
  5 goblins
  2 hobgoblins (D:1)
  7 quokkas
  3 bats (D:1)
  A frilled lizard (D:1)
  4 kobolds
  2 rats (D:1)
53 creatures vanquished.

Notes
Turn   | Place    | Note
-------+----------+-------------------------------------------
     0 | D:1      | qw the Gargoyle Fighter began the quest for the Orb.
     0 | D:1      | Reached XP level 1. HP: 14/14 MP: 1/1
     0 | D:1      | 0 ||| qw: Version: 0.2-a-12-gaebbb33
     0 | D:1      | 0 ||| qw: Game counter: 1163
     0 | D:1      | 0 ||| qw: Always use a shield: true
     0 | D:1      | 0 ||| qw: God list: Okawaru
     0 | D:1      | 0 ||| qw: Allow faded altars: false
     0 | D:1      | 0 ||| qw: Do Orc after D:15 true
     0 | D:1      | 0 ||| qw: Do second Lair branch before Depths: true
     0 | D:1      | 0 ||| qw: Lair rune preference: random
     0 | D:1      | 0 ||| qw: Plans: Normal, Zot:1-4, God:TSO, Crypt, Tomb,
                  | Pan, Slime:5, Hells, Abyss, Orb
     0 | D:1      | 0 ||| PLANNING D:1-11
    84 | D:1      | Reached skill level 2 in Axes
    88 | D:1      | Reached XP level 2. HP: 13/19 MP: 2/2
   332 | D:1      | 332 ||| DROPPING +0 club.
   402 | D:1      | 402 ||| Stepping ~*~*~tactically~*~*~ (hiding).
   410 | D:1      | Reached skill level 3 in Axes
   547 | D:1      | Reached XP level 3. HP: 23/23 MP: 3/3
  1199 | D:1      | 1199 ||| UPGRADING to +3 scale mail.
  1209 | D:1      | 1209 ||| DROPPING +0 scale mail.
  1210 | D:1      | 1210 ||| READING 2 scrolls labelled KALEOKHLIDOMP.
  1424 | D:2      | Found Gutec's Assorted Antiques.
  1438 | D:2      | 1438 ||| Stepping ~*~*~tactically~*~*~ (stealth).
  1451 | D:2      | 1451 ||| BUYING amethyst potion (25 gold).
  1451 | D:2      | Bought an amethyst potion for 25 gold pieces
  1451 | D:2      | 1451 ||| SHOPLISTING glowing hand axe (168 gold, have 7).
  1451 | D:2      | 1451 ||| SHOPLISTING golden potion (25 gold, have 7).
  1451 | D:2      | 1451 ||| SHOPLISTING inky potion (25 gold, have 7).
  1451 | D:2      | 1451 ||| SHOPLISTING pair of boots (126 gold, have 7).
  1557 | D:2      | Reached XP level 4. HP: 28/28 MP: 4/4
  1565 | D:2      | 1565 ||| Stepping ~*~*~tactically~*~*~ (stealth).
  1573 | D:2      | 1573 ||| Stepping ~*~*~tactically~*~*~ (stealth).
  1576 | D:2      | 1576 ||| Stepping ~*~*~tactically~*~*~ (stealth).
  1706 | D:2      | 1706 ||| Stepping ~*~*~tactically~*~*~ (stealth).
  1739 | D:2      | Reached skill level 4 in Axes
  1877 | D:2      | 1877 ||| Stepping ~*~*~tactically~*~*~ (hiding).
  1880 | D:2      | 1880 ||| Stepping ~*~*~tactically~*~*~ (hiding).
  2042 | D:2      | 2042 ||| UPGRADING to +0 chain mail.
  2052 | D:2      | 2052 ||| DROPPING +3 scale mail.
  2053 | D:2      | 2053 ||| UPGRADING to +0 cloak.
  2058 | D:2      | 2058 ||| UPGRADING to +4 ring of evasion.
  2059 | D:2      | 2059 ||| READING scroll labelled RAR DUOMAIZXUA.
  2060 | D:2      | 2060 ||| READING scroll labelled SEXTUG EZOARA.
  2061 | D:2      | 2061 ||| READING scroll labelled QATUMEA BUPH.
  2062 | D:2      | 2062 ||| READING 2 scrolls labelled CAITUD ZIDEONE.
  2063 | D:2      | 2063 ||| READING 7 scrolls of identify.
  2063 | D:2      | 2063 ||| IDENTIFYING viscous sapphire potion
  2064 | D:2      | 2064 ||| READING 6 scrolls of identify.
  2064 | D:2      | 2064 ||| IDENTIFYING amethyst potion
  2065 | D:2      | 2065 ||| READING 5 scrolls of identify.
  2065 | D:2      | 2065 ||| IDENTIFYING smoky grey potion
  2066 | D:2      | 2066 ||| READING 4 scrolls of identify.
  2066 | D:2      | 2066 ||| IDENTIFYING lumpy clear potion
  2067 | D:2      | 2067 ||| DROPPING scroll of poison.
  2068 | D:2      | 2068 ||| DROPPING potion of degeneration.
  2325 | D:3      | Noticed an ogre
  2337 | D:3      | Mangled by an ogre

Levels and vault maps discovered:
D:1:      minmay_arrival_loop, layout_basic
D:2:      layout_loops_cross, serial_shops, shop, kennysheep_generic_room_10
D:3:      layout_loops_corners, ebering_ecumenical_altar_webs, dk_vineyard_3,
          uniq_terence

Skill      XL: |  1  2  3  4 |
---------------+-------------+-----
Axes           | 2 3 4 |  4.1
Fighting       | |  3.2
Armour         | |  3.2
Shields        | |  3.2

Action                   |  1- 3 |  4- 6 || total
-------------------------+-------+-------++-------
Melee: War axe           |    89 |    51 ||   140
  Use: Scroll            |     1 |     8 ||     9
Armor: Scale mail        |    44 |    15 ||    59
       Chain mail        |       |     2 ||     2
Dodge: Dodged            |    27 |    16 ||    43
Block: Buckler           |    19 |     7 ||    26

Table legend:
 A = Non-vault XP
 B = Vault XP
 C = Vault XP percentage of total XP
 D = Non-vault monster count
 E = Vault monster count
 F = Vault count percentage of total count
                 A         B        C        D         E       F
            +---------+---------+-------+---------+---------+-------
      Total |     120 |       2 |   1.6 |      52 |       1 |   1.9
            +---------+---------+-------+---------+---------+-------
        D:1 |      63 |       0 |   0.0 |      30 |       0 |   0.0
        D:2 |      53 |       2 |   3.6 |      20 |       1 |   4.8
        D:3 |       4 |       0 |   0.0 |       2 |       0 |   0.0
            +---------+---------+-------+---------+---------+-------
